[Event "Titled Tuesday Blitz June 21 Early 2022"]
[White "Todorovic, Bojan"]
[Black "Volkov, Maksim"]
[WhiteFideId "917087"]
[BlackFideId "54123070"]
[WhiteElo "2266"]
[BlackElo "2155"]
[Result "0-1"]
[Round "01"]
[TimeControl "180+1"]
[Date "2022.06.22"]
[WhiteClock "0:00:02"]
[BlackClock "0:00:04"]

1. d4 d5 2. c4 e6 3. Nc3 c6 4. e3 Nf6 5. Nf3 Nbd7 6. Qc2 Bd6 7. b3 O-O 8. Bb2 Qe7 9. Be2 b6 10. O-O Bb7 11. e4 dxe4 12. Nxe4 Nxe4 13. Qxe4 Nf6 14. Qh4 c5 15. dxc5 Bxc5 16. Ne5 Rfd8 17. Rad1 a5 18. Bf3 Bxf3 19. Nxf3 Nd7 20. Qg3 f6 21. Rfe1 Nf8 22. Nd4 Rac8 23. Nb5 e5 24. Qf3 Ne6 25. g3 Bb4 26. Rf1 Ng5 27. Qf5 Qe6 28. Qxe6+ Nxe6 29. Kg2 Kf7 30. h4 Bc5 31. Nc3 Bd4 32. Rd2 Rd7 33. Rfd1 Rcd8 34. Nd5 Bxb2 35. Rxb2 Nc7 36. Rbd2 Nxd5 37. cxd5 Rc8 38. Kf3 Ke7 39. g4 Kd6 40. Ke4 Rdc7 41. g5 Rc2 42. f4 f5+ 43. Kxf5 Rf8+ 44. Kg4 Rxf4+ 45. Kg3 Rc3+ 46. Rd3 Rxd3+ 47. Rxd3 Rd4 48. Rf3 Kxd5 49. Rf7 e4 50. Kf4 Rd3 51. Rd7+ Kc5 52. Rxg7 e3 53. Kf3 Kb4 54. Ke2 Rd4 55. h5 Ka3 56. Kxe3 Rg4 57. Kf3 Rg1 58. Kf4 Kxa2 59. Rxh7 Kxb3 60. g6 a4 61. g7 a3 62. h6 a2 63. Rh8 a1=Q 0-1


[Site "https://www.chess.com"]

[Event "Titled Tuesday Blitz June 21 Early 2022"]
[White "Tologon tegin, Semetei"]
[Black "Mangialardo, Tiago Carvalho"]
[WhiteFideId "13800574"]
[BlackFideId "2130718"]
[WhiteElo "2174"]
[BlackElo "2088"]
[Result "1-0"]
[Round "01"]
[TimeControl "180+1"]
[Date "2022.06.22"]
[WhiteClock "0:00:19"]
[BlackClock "0:00:02"]

1. e4 e5 2. Nf3 Nc6 3. Bc4 Bc5 4. O-O Nf6 5. d3 h6 6. Nc3 O-O 7. h3 a6 8. a4 a5 9. Nd5 d6 10. Be3 Bxe3 11. fxe3 Be6 12. Nxf6+ Qxf6 13. Nd4 Qe7 14. Nxe6 fxe6 15. Qg4 Rae8 16. Rxf8+ Kxf8 17. Qg6 Kg8 18. Rf1 Nd8 19. g3 c6 20. d4 d5 21. Bd3 Rf8 22. Rxf8+ Kxf8 23. Kg2 Qg5 24. exd5 1-0


[Site "https://www.chess.com"]

[Event "Titled Tuesday Blitz June 21 Early 2022"]
[White "Toncheva, Nadya"]
[Black "Bortnyk, Mykola"]
[WhiteFideId "2924056"]
[BlackFideId "14120836"]
[WhiteElo "1888"]
[BlackElo "2582"]
[Result "0-1"]
[Round "01"]
[TimeControl "180+1"]
[Date "2022.06.21"]
[WhiteClock "0:00:02"]
[BlackClock "0:00:25"]

1. e4 Nf6 2. e5 Nd5 3. c4 Nb6 4. d4 d6 5. exd6 exd6 6. Nf3 Be7 7. h3 Bf5 8. Bd3 Bxd3 9. Qxd3 Nc6 10. O-O O-O 11. Re1 Bf6 12. a3 Re8 13. Rxe8+ Qxe8 14. Be3 d5 15. c5 Nc4 16. Nc3 Qd7 17. b3 Nxe3 18. Qxe3 Re8 19. Qd2 Na5 20. Qc2 b6 21. Rd1 h6 22. Rd3 c6 23. cxb6 axb6 24. Na4 Bd8 25. Qd2 Qf5 26. Re3 Qb1+ 27. Kh2 Bc7+ 28. g3 Re4 29. Nc3 Rxe3 30. Nxb1 Rxf3 31. Qe2 Rf6 32. Qe8+ Kh7 33. Qe3 h5 34. Kg2 h4 35. Nd2 Bd6 36. Nf3 hxg3 37. fxg3 g6 38. Ng5+ Kg7 39. h4 c5 40. dxc5 bxc5 41. b4 Nc4 42. Qc3 Be5 43. Qc2 Ne3+ 0-1


[Site "https://www.chess.com"]

[Event "Titled Tuesday Blitz June 21 Early 2022"]
[White "Topalov, Aleksandar"]
[Black "Tsvetkov, Andrey"]
[WhiteFideId "925659"]
[BlackFideId "34139360"]
[WhiteElo "2179"]
[BlackElo "2280"]
[Result "1-0"]
[Round "01"]
[TimeControl "180+1"]
[Date "2022.06.22"]
[WhiteClock "0:00:24"]
[BlackClock "0:00:03"]

1. b3 d5 2. Bb2 Bg4 3. g3 c6 4. Bg2 Nd7 5. Nf3 Ngf6 6. O-O e6 7. d3 Bd6 8. Nbd2 O-O 9. e4 Qc7 10. Qe1 e5 11. Nh4 Rfe8 12. h3 Bh5 13. Nf5 Bf8 14. Nf3 dxe4 15. dxe4 Nc5 16. g4 Bg6 17. N3h4 Ne6 18. Rd1 Nd7 19. Nf3 Nf4 20. Rd2 Nc5 21. Qe3 f6 22. Rfd1 Nxg2 23. Kxg2 Rad8 24. N3h4 Ne6 25. Kg1 Bc5 26. Qf3 Bf7 27. Ng2 Ng5 28. Qe2 Nxh3+ 29. Kh2 Nxf2 30. Rxd8 Rxd8 31. Rf1 Qb6 32. Kg3 a5 33. Bc3 Qb5 34. Rxf2 Bxf2+ 35. Qxf2 b6 36. Nge3 Qc5 37. Qe1 a4 38. Kf3 axb3 39. axb3 b5 40. Bb4 Qb6 41. Ne7+ Kh8 42. Qc3 Qb7 43. Qxc6 Qxc6 44. Nxc6 Rc8 45. Na7 Rc7 46. Nxb5 Rb7 47. c4 Be8 48. Nd5 Bxb5 49. cxb5 Rxb5 50. Ke3 Kg8 51. Kd3 Kf7 52. Kc4 Rb7 53. Bc5 Ke6 54. b4 g6 55. Ne3 h5 56. gxh5 gxh5 57. Nf5 Rh7 58. Nh4 Rg7 59. b5 Rg4 60. b6 Rxe4+ 61. Kb5 Kd7 62. Ng6 h4 63. Nf8+ Kc8 64. Kc6 Re1 65. b7+ Kb8 66. Bd6+ Ka7 67. b8=Q+ Ka6 68. Qb6# 1-0


[Site "https://www.chess.com"]

[Event "Titled Tuesday Blitz June 21 Early 2022"]
[White "Trakru, Rohun"]
[Black "Svane, Rasmus"]
[WhiteFideId "2097613"]
[BlackFideId "4657101"]
[WhiteElo "1746"]
[BlackElo "2674"]
[Result "0-1"]
[Round "01"]
[TimeControl "180+1"]
[Date "2022.06.21"]
[WhiteClock "0:00:55"]
[BlackClock "0:01:28"]

1. d4 d5 2. Bf4 e6 3. e3 Bd6 4. Bg3 Nf6 5. Nd2 O-O 6. Bd3 c5 7. c3 Qc7 8. Ngf3 Nbd7 9. e4 cxd4 10. cxd4 dxe4 11. Nxe4 Nxe4 12. Bxe4 Nf6 13. Bd3 Rd8 14. O-O Bxg3 15. hxg3 b6 16. Rc1 Qd6 17. Qe2 Bb7 18. Rfd1 h6 19. Bb1 Rac8 20. Rxc8 Rxc8 21. Ne5 Qd5 22. f3 Qd6 23. Qd3 Kf8 24. g4 Rd8 25. Qd2 Nd7 26. Nc4 Qc7 27. Qb4+ Kg8 28. Nd6 Nf6 29. Nb5 Qg3 30. Qe7 Rd7 31. Qa3 Nxg4 32. Be4 Qf2+ 33. Kh1 Ne3 0-1


[Site "https://www.chess.com"]

[Event "Titled Tuesday Blitz June 21 Early 2022"]
[White "Tregubov, Pavel V."]
[Black "Vifleemskaia, Svetlana"]
[WhiteFideId "4115341"]
[BlackFideId "4129490"]
[WhiteElo "2341"]
[BlackElo "1929"]
[Result "1-0"]
[Round "01"]
[TimeControl "180+1"]
[Date "2022.06.22"]
[WhiteClock "0:01:59"]
[BlackClock "0:01:12"]

1. e4 e5 2. Nf3 Nc6 3. Bb5 a6 4. Ba4 Nf6 5. d4 exd4 6. O-O Nxe4 7. Re1 d5 8. Nxd4 Bc5 9. Bxc6+ bxc6 10. f3 f5 11. fxe4 dxe4 12. c3 O-O 13. Kh1 Kh8 14. Na3 Bxa3 15. bxa3 c5 16. Ne2 Be6 17. Qxd8 Raxd8 18. Be3 Rd3 19. Bxc5 Rfd8 20. Nf4 Rxc3 21. Nxe6 Re8 22. Nxg7 1-0


[Site "https://www.chess.com"]

[Event "Titled Tuesday Blitz June 21 Early 2022"]
[White "Vakhlamov, Igor L."]
[Black "Urquhart, Ed"]
[WhiteFideId "24126748"]
[BlackFideId "2603748"]
[WhiteElo "2401"]
[BlackElo "2184"]
[Result "1-0"]
[Round "01"]
[TimeControl "180+1"]
[Date "2022.06.22"]
[WhiteClock "0:01:58"]
[BlackClock "0:00:44"]

1. e4 c5 2. Nf3 e6 3. Nc3 Nc6 4. Bb5 Nge7 5. O-O g6 6. d4 cxd4 7. Nxd4 Bg7 8. Be3 O-O 9. Qd2 a6 10. Be2 Qc7 11. Rad1 b5 12. a3 Bb7 13. Nxc6 dxc6 14. Bh6 c5 15. Bxg7 Kxg7 16. Qg5 f6 17. Qe3 Rad8 18. h4 Rxd1 19. Rxd1 b4 20. Na4 bxa3 21. bxa3 c4 22. Nc5 Bc8 23. Bxc4 Nc6 24. Bxe6 Ne5 25. Bxc8 Qxc8 26. Rd6 Nc4 27. Rd7+ Qxd7 28. Nxd7 Nxe3 29. Nxf8 Nxc2 30. Ne6+ Kf7 31. Nc5 Nxa3 32. Nxa6 Ke6 33. f3 Ke5 34. Kf2 f5 35. exf5 Kxf5 36. Nc5 h6 37. g4+ Kf6 38. Ne4+ Ke5 39. Nc5 Nb5 40. Nd3+ Kf6 41. Ke3 Nd6 42. Nf2 Nc4+ 43. Kd4 Nd2 44. Ne4+ Nxe4 45. fxe4 Ke6 46. e5 Ke7 47. Kd5 Kd7 48. e6+ Ke7 49. Ke5 1-0


[Site "https://www.chess.com"]

[Event "Titled Tuesday Blitz June 21 Early 2022"]
[White "Wagner, Dennis"]
[Black "Begunov, Konstantin"]
[WhiteFideId "24650684"]
[BlackFideId "4118510"]
[WhiteElo "2355"]
[BlackElo "2262"]
[Result "1-0"]
[Round "01"]
[TimeControl "180+1"]
[Date "2022.06.22"]
[WhiteClock "0:00:19"]
[BlackClock "0:00:10"]

1. d4 d5 2. Nf3 c6 3. Bf4 Bg4 4. Ne5 Bf5 5. g4 Bc8 6. e3 Nd7 7. c4 Nxe5 8. Bxe5 Nf6 9. h3 h5 10. g5 Ne4 11. Nc3 Nxc3 12. bxc3 e6 13. h4 f6 14. Bf4 Bd6 15. Bxd6 Qxd6 16. gxf6 gxf6 17. Be2 Ke7 18. c5 Qc7 19. Bxh5 Qa5 20. Kd2 b6 21. cxb6 axb6 22. Qg1 Ba6 23. Qg7+ Kd6 24. Qxf6 Raf8 25. Bf7 Bc8 26. Rhg1 Qa3 27. Rac1 Qxa2+ 28. Rc2 Qa7 29. Rg7 Qa1 30. Qe5+ Ke7 31. Bxe6+ Kd8 32. Qc7+ Ke8 33. Re7# 1-0


[Site "https://www.chess.com"]

[Event "Titled Tuesday Blitz June 21 Early 2022"]
[White "Wagner, Dinara"]
[Black "Kalaiyalahan, Akshaya"]
[WhiteFideId "24157570"]
[BlackFideId "422894"]
[WhiteElo "2216"]
[BlackElo "1913"]
[Result "1-0"]
[Round "01"]
[TimeControl "180+1"]
[Date "2022.06.22"]
[WhiteClock "0:01:39"]
[BlackClock "0:00:12"]

1. Nf3 d5 2. c4 d4 3. e3 dxe3 4. fxe3 c5 5. d4 cxd4 6. exd4 Nf6 7. Nc3 Bg4 8. Be2 e6 9. h3 Bh5 10. Bf4 Nc6 11. g4 Bg6 12. Ne5 Qxd4 13. Nxc6 Qxd1+ 14. Rxd1 bxc6 15. Bf3 Rc8 16. Bd6 Bxd6 17. Rxd6 Ke7 18. Rxc6 Rxc6 19. Bxc6 Rc8 20. Bb5 Bd3 21. b3 Ne4 22. Nxe4 Bxe4 23. Rh2 Bc6 24. a4 Bxb5 25. axb5 Kd6 26. Kd2 Kc5 27. Kc3 e5 28. Rd2 Rc7 29. Rd5+ Kb6 30. Rxe5 f6 31. Re6+ Kb7 32. Kb4 Rd7 33. c5 Rd4+ 34. Ka5 Rd1 35. Re7+ Kb8 36. Rxg7 Ra1+ 37. Kb4 1-0


[Site "https://www.chess.com"]

[Event "Titled Tuesday Blitz June 21 Early 2022"]
[White "Williams, Simon K"]
[Black "Samaganova, Aleksandra"]
[WhiteFideId "404454"]
[BlackFideId "13800221"]
[WhiteElo "2468"]
[BlackElo "1864"]
[Result "1-0"]
[Round "01"]
[TimeControl "180+1"]
[Date "2022.06.22"]
[WhiteClock "0:01:13"]
[BlackClock "0:00:13"]

1. d4 Nf6 2. c4 e6 3. Nf3 b6 4. g3 Bb7 5. Bg2 Be7 6. O-O d5 7. cxd5 exd5 8. Nc3 O-O 9. Bf4 a6 10. e3 Bd6 11. Ne5 h6 12. h4 Re8 13. Rc1 Nbd7 14. Qa4 Nxe5 15. dxe5 Bxe5 16. Bxe5 Rxe5 17. Rfd1 Qd6 18. e4 d4 19. Rxd4 Qf8 20. Rcd1 Rae8 21. Qc2 Rc5 22. b4 Rce5 23. f4 R5e7 24. e5 Ng4 25. Bxb7 Ne3 26. Qe4 Nxd1 27. Rxd1 c5 28. bxc5 bxc5 29. Bd5 Ra8 30. Bxa8 1-0


[Site "https://www.chess.com"]

[Event "Titled Tuesday Blitz June 21 Early 2022"]
[White "Winkels, Marcel"]
[Black "Sargsyan, Anna M."]
[WhiteFideId "1003887"]
[BlackFideId "13308130"]
[WhiteElo "1900"]
[BlackElo "2271"]
[Result "0-1"]
[Round "01"]
[TimeControl "180+1"]
[Date "2022.06.22"]
[WhiteClock "0:00:04"]
[BlackClock "0:01:17"]

1. e4 c6 2. d4 d5 3. f3 dxe4 4. fxe4 e5 5. Nf3 Bg4 6. c3 Nd7 7. Bd3 Bd6 8. O-O Ngf6 9. Nbd2 O-O 10. Nc4 Bc7 11. Bg5 b5 12. Ne3 Bh5 13. Nf5 Re8 14. Qe1 Bg6 15. dxe5 Nxe5 16. Nxe5 Bxe5 17. Rd1 Qc7 18. Qh4 Nd7 19. Ne7+ Rxe7 20. Bxe7 f6 21. Ba3 a6 22. Bc2 c5 23. Bb3+ Kh8 24. Be6 Nf8 25. Bf5 Rb8 26. b3 Bxc3 27. Rd5 b4 28. Bc1 Re8 29. Rfd1 Bd4+ 30. Kh1 Bxf5 31. Rxf5 Ng6 32. Qh3 Rxe4 33. Qf3 Qe7 34. Qf1 Ne5 35. h3 Ng6 36. Rf3 h6 37. Kh2 a5 38. Bd2 Nh4 39. Rf4 Be5 40. g3 Bxf4 41. Bxf4 Re2+ 42. Kh1 Qe4+ 43. Kg1 Rg2+ 44. Kh1 Rxg3+ 45. Kh2 Rg2+ 46. Kh1 Rf2+ 0-1


[Site "https://www.chess.com"]

[Event "Titled Tuesday Blitz June 21 Early 2022"]
[White "Yaksin, Oleg"]
[Black "Kvaloy, Aksel Bu"]
[WhiteFideId "24105880"]
[BlackFideId "1528815"]
[WhiteElo "2256"]
[BlackElo "2006"]
[Result "0-1"]
[Round "01"]
[TimeControl "180+1"]
[Date "2022.06.22"]
[WhiteClock "0:00:25"]
[BlackClock "0:00:47"]

1. d4 Nf6 2. c4 e6 3. g3 d5 4. Nf3 Bb4+ 5. Bd2 Be7 6. Qc2 O-O 7. Bg2 Nbd7 8. O-O Ne4 9. Nc3 Nxd2 10. Nxd2 c6 11. e4 dxe4 12. Ndxe4 f5 13. Nd2 e5 14. d5 e4 15. Nb3 Bf6 16. Rad1 Qe7 17. Rfe1 Ne5 18. d6 Qf7 19. c5 Be6 20. Nd4 g6 21. f3 exf3 22. Nxf3 Nxf3+ 23. Bxf3 Bxa2 24. Nxa2 Qxa2 25. Re2 Rae8 26. Rde1 Bxb2 27. Kh1 Rxe2 28. Rxe2 Qa1+ 29. Kg2 Bd4 30. Qb3+ Kh8 31. Qxb7 Qg1+ 32. Kh3 Qf1+ 0-1


[Site "https://www.chess.com"]

[Event "Titled Tuesday Blitz June 21 Early 2022"]
[White "Yang, Kaiqi"]
[Black "De Souza, Cristiano Gomes"]
[WhiteFideId "8604398"]
[BlackFideId "2151758"]
[WhiteElo "2373"]
[BlackElo "2068"]
[Result "1-0"]
[Round "01"]
[TimeControl "180+1"]
[Date "2022.06.22"]
[WhiteClock "0:00:15"]
[BlackClock "0:00:03"]

1. d4 Nf6 2. c4 g6 3. Nc3 d6 4. e4 Bg7 5. Be2 O-O 6. Nf3 e5 7. d5 Nbd7 8. Bg5 h6 9. Bh4 g5 10. Bg3 Nh5 11. Nd2 Nxg3 12. hxg3 a5 13. Bg4 Nc5 14. Bxc8 Qxc8 15. Nf1 f5 16. Qc2 fxe4 17. Nxe4 Qf5 18. f3 g4 19. Ne3 Qg6 20. Nxg4 h5 21. Ngf2 Nxe4 22. Nxe4 c6 23. Qd3 Rad8 24. O-O-O Kf7 25. Kb1 c5 26. a4 b6 27. Ka2 Bf6 28. Rh3 Be7 29. Rdh1 Rh8 30. g4 h4 31. g3 hxg3 32. Rxh8 g2 33. R8h7+ Ke8 34. Rh8+ Kd7 35. Rxd8+ Kxd8 36. Rg1 Qh6 37. Rxg2 Qh1 38. Qc2 Qf1 39. g5 Qxf3 40. g6 Qf8 41. g7 Qg8 42. Qb3 Kc7 43. Qb5 Kb7 44. Qc6+ 1-0


[Site "https://www.chess.com"]

[Event "Titled Tuesday Blitz June 21 Early 2022"]
[White "Yen, William"]
[Black "Bettalli, Francesco"]
[WhiteFideId "30932025"]
[BlackFideId "2816453"]
[WhiteElo "1905"]
[BlackElo "2216"]
[Result "1-0"]
[Round "01"]
[TimeControl "180+1"]
[Date "2022.06.22"]
[WhiteClock "0:01:33"]
[BlackClock "0:01:49"]

1. c4 b6 2. b3 Bb7 3. Bb2 d6 4. Nf3 e5 5. g3 f5 6. Bg2 Nf6 7. O-O Be7 8. Nc3 O-O 9. d4 e4 10. Ng5 Qd7 11. d5 c6 12. Ne6 Re8 13. Bh3 g6 14. f3 cxd5 15. cxd5 exf3 16. e4 fxe4 17. Ng5 Qc7 18. Be6+ Kf8 19. Ncxe4 Qd8 20. Qxf3 Kg7 21. Nxf6 1-0


[Site "https://www.chess.com"]

[Event "Titled Tuesday Blitz June 21 Early 2022"]
[White "Yurovskykh, Oleksandr"]
[Black "Psakhis, Lev"]
[WhiteFideId "14134020"]
[BlackFideId "2800012"]
[WhiteElo "2292"]
[BlackElo "2142"]
[Result "1-0"]
[Round "01"]
[TimeControl "180+1"]
[Date "2022.06.22"]
[WhiteClock "0:00:09"]
[BlackClock "0:00:20"]

1. d4 e6 2. Bf4 Nf6 3. e3 b6 4. Nf3 Bb7 5. Bd3 c5 6. c3 Be7 7. h3 O-O 8. Nbd2 cxd4 9. cxd4 Nc6 10. O-O Nd5 11. Bh2 f5 12. Rc1 Ndb4 13. Bb1 Ba6 14. Re1 Nd3 15. Bxd3 Bxd3 16. Nc4 Bxc4 17. Rxc4 Rc8 18. Qe2 b5 19. Rc2 Qa5 20. a3 b4 21. axb4 Nxb4 22. Rc4 Rxc4 23. Qxc4 Nd5 24. Rc1 d6 25. Qc6 Qd8 26. Ra1 a5 27. Bg3 Kf7 28. Qb5 Qb8 29. Rxa5 Qxb5 30. Rxb5 h6 31. Rb7 Kf6 32. Nd2 Rc8 33. e4 Rc2 34. e5+ Kg6 35. exd6 Bxd6 36. Bxd6 Rxd2 37. Be5 Nf6 38. Rb6 Kf7 39. Rb7+ Kg6 40. f3 Ne8 41. b4 Rb2 42. b5 f4 43. Bxf4 Kf5 44. Be5 g5 45. Kh2 Kg6 46. Kg3 Nf6 47. Bxf6 Kxf6 48. b6 Rb4 49. Rh7 Kg6 50. Re7 Kf6 51. Rb7 Rxd4 52. Rh7 Kg6 53. b7 Rb4 54. Rc7 h5 55. Kf2 Kf5 56. Ke3 Ke5 57. Rh7 h4 58. Rg7 Kf6 59. Rd7 Ke5 60. Kd3 Kf4 61. Kc3 Rb1 62. Rd4+ Kf5 63. Rb4 1-0


[Site "https://www.chess.com"]

[Event "Titled Tuesday Blitz June 21 Early 2022"]
[White "Zhigalko, Sergei"]
[Black "Migot, Tangi"]
[WhiteFideId "13502956"]
[BlackFideId "662445"]
[WhiteElo "2662"]
[BlackElo "2492"]
[Result "1-0"]
[Round "01"]
[TimeControl "180+1"]
[Date "2022.06.21"]
[WhiteClock "0:00:03"]
[BlackClock "0:00:04"]

1. e4 e5 2. Nf3 Nc6 3. Bc4 Bc5 4. b4 Bxb4 5. c3 Be7 6. d4 Na5 7. Bd3 d6 8. dxe5 dxe5 9. Nxe5 Nf6 10. O-O O-O 11. Qc2 c5 12. Nd2 Qc7 13. f4 c4 14. Ndxc4 Nxc4 15. Nxc4 Bc5+ 16. Kh1 b5 17. Na3 Ng4 18. Nxb5 Qc6 19. Nd4 Qh6 20. h3 f5 21. exf5 Kh8 22. Qe2 Nf6 23. Ne6 Bxe6 24. fxe6 Rfe8 25. f5 Qh4 26. Bf4 Rad8 27. Rad1 Nd5 28. Bd2 Bd6 29. Qf3 Nf6 30. Be1 Qa4 31. Rd2 Qa5 32. Re2 Bb8 33. Bg3 Bxg3 34. Qxg3 Qxc3 35. Rf3 Nh5 36. Qe1 Qc7 37. Bb5 Re7 38. Rc3 Qb6 39. Bd7 Rf8 40. g4 Nf6 41. Qf2 Qb1+ 42. Kg2 Qb7+ 43. Qf3 Qb4 44. Rce3 Qc5 45. Qg3 Nd5 46. Re4 Nc3 47. Re5 Qc4 48. R2e3 Nd5 49. Re1 Nf4+ 50. Kh2 Nd3 51. R5e4 Qxa2+ 52. R1e2 Qa6 53. Qe3 Qd6+ 54. Kg2 Nc5 55. Rd4 Qb6 56. Rd5 Qb7 57. Qxc5 Rxd7 58. exd7 Rg8 59. Re8 1-0


[Site "https://www.chess.com"]

[Event "Titled Tuesday Blitz June 21 Early 2022"]
[White "Zierk, Steven"]
[Black "Coto Mederos, Michel"]
[WhiteFideId "2034255"]
[BlackFideId "3508528"]
[WhiteElo "2494"]
[BlackElo "2427"]
[Result "1-0"]
[Round "01"]
[TimeControl "180+1"]
[Date "2022.06.21"]
[WhiteClock "0:01:17"]
[BlackClock "0:00:13"]

1. d4 d5 2. Nc3 Nf6 3. Bf4 Bf5 4. e3 e6 5. f3 Bd6 6. Bxd6 cxd6 7. g4 Bg6 8. h4 h6 9. Bd3 Bxd3 10. Qxd3 Nc6 11. O-O-O Rc8 12. Nge2 a6 13. g5 Nh5 14. g6 f5 15. e4 dxe4 16. fxe4 O-O 17. Qf3 Nf6 18. exf5 Nd7 19. Ng3 Qa5 20. Qe3 e5 21. dxe5 Ncxe5 22. Kb1 Nf6 23. Qd4 Rfd8 24. Nge4 Neg4 25. Rhe1 d5 26. Nxf6+ Nxf6 27. Re7 Rc7 28. Rde1 Ne4 29. Qxg7# 1-0


[Site "https://www.chess.com"]

[Event "Titled Tuesday Blitz June 21 Early 2022"]
[White "Abdrlauf, Elham"]
[Black "Tologon tegin, Semetei"]
[WhiteFideId "1533533"]
[BlackFideId "13800574"]
[WhiteElo "2782"]
[BlackElo "2565"]
[Result "1-0"]
[Round "02"]
[TimeControl "180+1"]
[Date "2022.06.22"]
[WhiteClock "0:00:05"]
[BlackClock "0:00:06"]

1. e4 c6 2. d4 d5 3. Nc3 dxe4 4. Nxe4 Bf5 5. Ng3 Bg6 6. h4 h6 7. Nf3 Nd7 8. h5 Bh7 9. Bd3 Bxd3 10. Qxd3 Ngf6 11. Bd2 e6 12. O-O-O Bd6 13. Qe2 Bxg3 14. fxg3 Qc7 15. Bf4 Qa5 16. Kb1 Nxh5 17. Bd2 Qd5 18. Qf2 Nhf6 19. Bf4 O-O-O 20. Qe2 Rhe8 21. a3 Qe4 22. Qd2 Nd5 23. Rhe1 Qf5 24. Bd6 N7b6 25. Bc5 f6 26. Qa5 Kb8 27. Nd2 Nc8 28. Nc4 b6 29. Qa4 bxc5 30. Na5 Nde7 31. g4 Qd5 32. c4 Qd7 33. dxc5 Qc7 34. Rxd8 Rxd8 35. Rxe6 Rd4 36. Rxc6 Rd1+ 37. Ka2 Nxc6 38. Nxc6+ Ka8 39. Nxa7 Nxa7 40. Qxd1 Qxc5 41. Qd8+ Nc8 42. Qd3 Kb7 43. b4 Qc6 44. Kb3 Nb6 45. b5 Qxg2 46. a4 Qxg4 47. a5 Nd7 48. Kb4 Qe6 49. a6+ Kc7 50. c5 Qe7 51. b6+ Kc8 52. Qd5 Nxb6 53. Qc6+ Qc7 54. Qe8+ Qd8 55. Qxd8+ Kxd8 56. cxb6 Kc8 57. Kb5 h5 58. Kc6 Kb8 59. b7 h4 60. Kb6 h3 61. a7# 1-0


[Site "https://www.chess.com"]

[Event "Titled Tuesday Blitz June 21 Early 2022"]
[White "Adewumi, Tanitoluwa"]
[Black "Eggleston, Thomas A"]
[WhiteFideId "30966396"]
[BlackFideId "412139"]
[WhiteElo "2537"]
[BlackElo "2174"]
[Result "1-0"]
[Round "02"]
[TimeControl "180+1"]
[Date "2022.06.22"]
[WhiteClock "0:00:20"]
[BlackClock "0:00:12"]

1. d4 e6 2. c4 f5 3. Nc3 Nf6 4. g3 Bb4 5. Bg2 O-O 6. e3 Bxc3+ 7. bxc3 d6 8. Ne2 Qe7 9. O-O e5 10. Ba3 c5 11. Rb1 Kh8 12. Nc1 Na6 13. Nd3 Rb8 14. f3 Be6 15. dxe5 dxe5 16. Nxe5 Bg8 17. f4 Ne4 18. Bxe4 fxe4 19. Qa4 Rfd8 20. Rfd1 Be6 21. Qb5 Rxd1+ 22. Rxd1 Bh3 23. Rd6 Qc7 24. Rd5 h5 25. Ng6+ Kh7 26. Ne5 Rd8 27. Qb1 Bf5 28. Qd1 Re8 29. Qxh5+ Kg8 30. Qxe8+ Kh7 31. Qh5+ Kg8 32. Qxf5 1-0


[Site "https://www.chess.com"]

[Event "Titled Tuesday Blitz June 21 Early 2022"]
[White "Agasarov, Benik"]
[Black "Sarkar, Justin"]
[WhiteFideId "13314823"]
[BlackFideId "2010011"]
[WhiteElo "2640"]
[BlackElo "2020"]
[Result "1-0"]
[Round "02"]
[TimeControl "180+1"]
[Date "2022.06.22"]
[WhiteClock "0:01:33"]
[BlackClock "0:00:01"]

1. e4 e5 2. Nf3 Nc6 3. Bb5 a6 4. Ba4 Nf6 5. O-O Be7 6. Re1 b5 7. Bb3 d6 8. h3 Na5 9. d4 exd4 10. e5 dxe5 11. Nxe5 O-O 12. Bg5 Bb7 13. Nd2 c5 14. Bxf6 Bxf6 15. Nxf7 Rxf7 16. Bxf7+ Kxf7 17. Qh5+ Kg8 18. Qxc5 Qd5 19. Ne4 Qxc5 20. Nxc5 Bc6 21. Re6 Bd5 22. Rd6 Bf7 23. Rxa6 Rxa6 24. Nxa6 Nc4 25. Nc7 Nxb2 26. Nxb5 Na4 27. Rd1 Nc3 28. Nxc3 dxc3 29. a4 Bc4 30. a5 Kf7 31. Rd6 Ke7 32. Rc6 1-0


[Site "https://www.chess.com"]

[Event "Titled Tuesday Blitz June 21 Early 2022"]
[White "Agibileg, Uurtsaikh"]
[Black "Lazavik, Denis"]
[WhiteFideId "4901606"]
[BlackFideId "13515110"]
[WhiteElo "2205"]
[BlackElo "2437"]
[Result "0-1"]
[Round "02"]
[TimeControl "180+1"]
[Date "2022.06.21"]
[WhiteClock "0:00:07"]
[BlackClock "0:00:10"]

1. d4 f5 2. c4 Nf6 3. g3 g6 4. Bg2 Bg7 5. Nf3 O-O 6. O-O d6 7. b3 e5 8. dxe5 dxe5 9. Ba3 Qxd1 10. Rxd1 Re8 11. Nc3 e4 12. Nd4 c6 13. f3 Nbd7 14. Bd6 Ne5 15. fxe4 fxe4 16. h3 Nf7 17. Bf4 Nh5 18. Nxe4 Bxh3 19. Bf3 Rad8 20. e3 Nf6 21. Nf2 Bc8 22. Nc2 Bf5 23. Rxd8 Rxd8 24. Nd4 Bc8 25. Rd1 g5 26. Bc7 Rd7 27. Ba5 Ne5 28. Be2 h5 29. Bc3 Re7 30. Nc2 Bf5 31. Rd8+ Kf7 32. Nd4 Bg6 33. c5 Nd5 34. Bb2 Nxe3 35. b4 Nd5 36. a3 Rd7 37. Rxd7+ Nxd7 38. Bc4 Nf6 39. b5 cxb5 40. Nxb5 Kf8 41. Nd6 Ne3 42. Be6 h4 43. gxh4 gxh4 44. Nxb7 Nfd5 45. Bxg7+ Kxg7 46. c6 Nc7 47. Bh3 Kf6 48. Ng4+ Nxg4 49. Bxg4 Be4 50. Bd7 Ke5 51. Nc5 Bd5 52. Kh2 Kd4 53. Na4 Bb3 54. Nb2 Kc3 55. Be6 Kxb2 56. Bxb3 Kxb3 57. Kh3 Kxa3 58. Kxh4 Kb2 59. Kg5 a5 60. Kf6 a4 61. Ke7 a3 62. Kd7 Nb5 0-1


[Site "https://www.chess.com"]

[Event "Titled Tuesday Blitz June 21 Early 2022"]
[White "Ajay Krishna, S"]
[Black "Molina, Roberto Junio Brito"]
[WhiteFideId "5096430"]
[BlackFideId "2109450"]
[WhiteElo "2247"]
[BlackElo "2432"]
[Result "0-1"]
[Round "02"]
[TimeControl "180+1"]
[Date "2022.06.22"]
[WhiteClock "0:00:02"]
[BlackClock "0:00:13"]

1. d4 d5 2. c4 c6 3. Nf3 Nf6 4. e3 Bf5 5. Nc3 e6 6. Bd3 Bxd3 7. Qxd3 Nbd7 8. O-O Be7 9. e4 dxe4 10. Nxe4 O-O 11. Bf4 Nxe4 12. Qxe4 Qa5 13. a3 Rfe8 14. b4 Qh5 15. h3 Nb6 16. Rfc1 Bf6 17. a4 Red8 18. a5 Nd7 19. a6 b5 20. Qxc6 bxc4 21. Qxc4 Nb6 22. Qc6 Nd5 23. Bd6 h6 24. b5 Qf5 25. Bg3 Qd3 26. Qc4 Qxc4 27. Rxc4 Rac8 28. Rac1 Rxc4 29. Rxc4 Kf8 30. Be5 Ke7 31. Kf1 Kd7 32. Ke2 Re8 33. Kd3 Rg8 34. g3 Rf8 35. Nd2 Bxe5 36. dxe5 Rb8 37. Rc5 Nb6 38. Ne4 Na4 39. Rc2 Rxb5 40. Kc4 Rxe5 41. f3 f5 42. Rd2+ Kc7 43. Nd6 Nb6+ 44. Kb4 Nd5+ 45. Kc5 Nb6+ 46. Kb4 Rd5 47. Ne8+ Kc6 48. Rc2+ Kd7 49. Nxg7 Rd3 50. Rc3 Rd4+ 51. Kb3 Nd5 0-1


[Site "https://www.chess.com"]